[ AOE2 MATCH · #505063734 ]
UnrankedCelts vs Bohemians
[ REPLAY ANALYSIS · EXTRACTED FROM THE RECORDED GAME ]
Feudal
11:02
Castle
14:57
Imperial
—
| APM avg | 35.0 |
| APM peak | 80 |
| eAPM avg | 13.0 |
| Villagers / military | 55 / 16 |
Focus
⚔️ 13.7% · 🌾 86.3%
Scorpion ×10 · Battering Ram ×6
Feudal
11:22
Castle
15:03
Imperial
—
| APM avg | 23.6 |
| APM peak | 42 |
| eAPM avg | 14.3 |
| Villagers / military | 76 / 0 |
Focus
⚔️ 11.1% · 🌾 88.9%
Feudal
11:56
Castle
15:52
Imperial
—
| APM avg | 13.0 |
| APM peak | 35 |
| eAPM avg | 8.0 |
| Villagers / military | 38 / 1 |
Focus
⚔️ 7.0% · 🌾 93.0%
Monk ×1
Feudal
12:03
Castle
16:01
Imperial
—
| APM avg | 39.4 |
| APM peak | 86 |
| eAPM avg | 21.7 |
| Villagers / military | 49 / 0 |
Focus
⚔️ 13.3% · 🌾 86.7%
Feudal
11:49
Castle
15:19
Imperial
—
| APM avg | 45.4 |
| APM peak | 83 |
| eAPM avg | 18.5 |
| Villagers / military | 52 / 17 |
Focus
⚔️ 15.9% · 🌾 84.1%
Knight ×17
Feudal
11:40
Castle
—
Imperial
—
| APM avg | 13.5 |
| APM peak | 28 |
| eAPM avg | 8.4 |
| Villagers / military | 36 / 8 |
Focus
⚔️ 11.3% · 🌾 88.7%
Spearman ×8
Feudal
10:58
Castle
14:34
Imperial
—
| APM avg | 43.5 |
| APM peak | 107 |
| eAPM avg | 20.3 |
| Villagers / military | 70 / 0 |
Focus
⚔️ 26.2% · 🌾 73.8%
Feudal
10:44
Castle
14:47
Imperial
—
| APM avg | 19.0 |
| APM peak | 41 |
| eAPM avg | 11.3 |
| Villagers / military | 57 / 5 |
Focus
⚔️ 10.2% · 🌾 89.8%
Conquistador ×3 · Missionary ×2
Match map
Initial resources + every placement click. Lines = walls · curves = elevation contours. ◆ gold · ⬟ stone · ● berries · ✦ relic · ◌ wall gap
Your base· ✓ Closed at 14:57 · 0t walls · 2 gate(s)
Artarum's base· ✓ Closed at 15:03 · 0t walls · 3 gate(s)
blankityblanko's base· ✓ Closed at 15:52 · 0t walls · 2 gate(s)
Atopos's base· ✓ Closed at 16:01 · 18t walls · 2 gate(s)
carlos__federico's base· ✓ Closed at 15:19 · 0t walls · 3 gate(s)
ILLYRIAN A1B's base· ✓ Closed at 19:01 · 6t walls · 3 gate(s)
Shadow Elaion's base· ✓ Closed at 14:34 · 7t walls · 4 gate(s)
DarkIce4999's base· ✓ Closed at 14:47 · 0t walls · 3 gate(s)
Smoothed initial terrain · ◌ = detected wall gap · hover for details
Inputs per minute
— Fencer_Khan - - Artarum
Build order — Fencer_Khan
109 actions detected in the replay
| 0:01 | Queue | Villager (Male) |
| 0:01 | Queue | Villager (Male) |
| 0:01 | Queue | Villager (Male) |
| 0:03 | Build | House |
| 0:05 | Build | House |
| 0:18 | Queue | Villager (Male) |
| 0:18 | Queue | Villager (Male) |
| 1:45 | Queue | Villager (Male) |
| 1:45 | Queue | Villager (Male) |
| 1:56 | Build | Lumber Camp |
| 2:09 | Queue | Villager (Male) |
| 2:09 | Queue | Villager (Male) |
| 2:25 | Queue | Villager (Male) |
| 2:25 | Queue | Villager (Male) |
| 2:25 | Queue | Villager (Male) |
| 2:52 | Queue | Villager (Male) |
| 2:52 | Queue | Villager (Male) |
| 2:52 | Queue | Villager (Male) |
| 2:53 | Queue | Villager (Male) |
| 3:39 | Build | Mill |
| 3:49 | Queue | Villager (Male) |
| 3:49 | Queue | Villager (Male) |
| 4:00 | Build | House |
| 4:02 | Queue | Villager (Male) |
| 4:02 | Queue | Villager (Male) |
| 4:15 | Queue | Villager (Male) |
| 4:16 | Queue | Villager (Male) |
| 4:50 | Queue | Villager (Male) |
| 5:12 | Build | House |
| 5:14 | Build | House |
| 5:32 | Queue | Villager (Male) |
| 5:32 | Queue | Villager (Male) |
| 5:52 | Queue | Villager (Male) |
| 5:52 | Queue | Villager (Male) |
| 5:52 | Queue | Villager (Male) |
| 6:41 | Queue | Villager (Male) |
| 7:38 | Queue | Villager (Male) |
| 7:39 | Queue | Villager (Male) |
| 8:30 | Queue | Villager (Male) |
| 8:31 | Queue | Villager (Male) |
| 8:43 | Build | Mining Camp |
| 8:50 | Research | Feudal Age |
| 8:51 | Research | Feudal Age |
| 9:53 | Build | House |
| 9:54 | Build | House |
| 10:48 | Queue | Villager (Male) |
| 10:48 | Queue | Villager (Male) |
| 10:48 | Queue | Villager (Male) |
| 11:02 | Age | Feudal Age |
| 11:06 | Build | Market |
| 11:16 | Build | Blacksmith |
| 11:55 | Build | Lumber Camp |
| 12:09 | Research | Castle Age |
| 12:10 | Research | Castle Age |
| 12:21 | Build | Farm |
| 12:52 | Queue | Villager (Male) |
| 12:58 | Build | Farm |
| 12:59 | Build | Farm |
| 13:29 | Build | Farm |
| 13:34 | Research | Double-Bit Axe |
| 13:34 | Research | Double-Bit Axe |
| 13:35 | Research | Horse Collar |
| 13:35 | Research | Horse Collar |
| 13:39 | Build | Farm |
| 13:39 | Build | Farm |
| 13:45 | Build | Farm |
| 14:04 | Queue | Villager (Male) |
| 14:05 | Queue | Villager (Male) |
| 14:09 | Research | Gold Mining |
| 14:09 | Research | Gold Mining |
| 14:46 | Build | House |
| 14:47 | Build | House |
| 14:47 | Build | House |
| 14:47 | Build | House |
| 14:48 | Build | House |
| 14:48 | Build | House |
| 14:49 | Build | House |
| 14:49 | Build | House |
| 14:57 | Age | Castle Age |
| 15:05 | Build | Siege Workshop |
| 15:39 | Queue | Scorpion |
| 15:44 | Build | Siege Workshop |
| 16:04 | Queue | Scorpion |
| 16:24 | Queue | Villager (Male) |
| 16:24 | Queue | Villager (Male) |
| 16:25 | Queue | Villager (Male) |
| 16:36 | Queue | Battering Ram |
| 16:36 | Queue | Battering Ram |
| 16:36 | Queue | Battering Ram |
| 16:49 | Research | Bow Saw |
| 16:49 | Research | Bow Saw |
| 17:19 | Queue | Battering Ram |
| 17:20 | Queue | Battering Ram |
| 17:21 | Queue | Scorpion |
| 17:29 | Queue | Villager (Male) ×2 |
| 17:33 | Queue | Scorpion |
| 17:33 | Queue | Scorpion |
| 18:26 | Queue | Battering Ram |
| 18:58 | Queue | Villager (Male) |
| 18:58 | Queue | Villager (Male) |
| 18:58 | Queue | Villager (Male) |
| 20:04 | Queue | Scorpion ×3 |
| 20:32 | Queue | Scorpion |
| 20:32 | Queue | Scorpion |
| 20:35 | Queue | Villager (Male) ×3 |
| 21:33 | Queue | Villager (Male) |
| 21:34 | Queue | Villager (Male) ×2 |
| 21:56 | Queue | Villager (Male) |
| 21:56 | Queue | Villager (Male) |
Build order — Artarum
135 actions detected in the replay
| 0:01 | Queue | Villager (Male) |
| 0:01 | Queue | Villager (Male) |
| 0:01 | Queue | Villager (Male) |
| 0:02 | Queue | Villager (Male) |
| 0:03 | Build | House |
| 0:04 | Build | House |
| 1:25 | Queue | Villager (Male) |
| 1:25 | Queue | Villager (Male) |
| 1:51 | Queue | Villager (Male) |
| 1:51 | Queue | Villager (Male) |
| 2:25 | Queue | Villager (Male) |
| 2:55 | Queue | Villager (Male) |
| 2:55 | Queue | Villager (Male) |
| 3:07 | Queue | Villager (Male) |
| 3:07 | Queue | Villager (Male) |
| 3:28 | Build | Lumber Camp |
| 3:48 | Queue | Villager (Male) |
| 3:49 | Queue | Villager (Male) |
| 4:11 | Build | Mill |
| 4:22 | Queue | Villager (Male) |
| 4:23 | Queue | Villager (Male) |
| 4:37 | Build | House |
| 5:08 | Queue | Villager (Male) |
| 5:50 | Queue | Villager (Male) |
| 5:50 | Queue | Villager (Male) |
| 5:50 | Queue | Villager (Male) |
| 6:19 | Build | House |
| 6:26 | Queue | Villager (Male) |
| 6:26 | Queue | Villager (Male) |
| 6:27 | Queue | Villager (Male) |
| 6:47 | Queue | Villager (Male) |
| 7:11 | Queue | Villager (Male) |
| 7:11 | Queue | Villager (Male) |
| 7:13 | Queue | Villager (Male) |
| 7:34 | Build | Farm |
| 7:59 | Build | Farm |
| 8:24 | Build | Farm |
| 8:30 | Build | Mill |
| 8:49 | Build | Mining Camp |
| 9:12 | Research | Feudal Age |
| 9:23 | Build | House |
| 10:20 | Queue | Villager (Male) |
| 10:21 | Queue | Villager (Male) |
| 11:22 | Age | Feudal Age |
| 11:23 | Build | Blacksmith |
| 11:26 | Build | Market |
| 12:23 | Research | Castle Age |
| 12:24 | Research | Castle Age |
| 12:39 | Build | House |
| 13:04 | Build | Mining Camp |
| 13:15 | Research | Double-Bit Axe |
| 13:56 | Research | Wheelbarrow |
| 14:22 | Research | Stone Mining |
| 14:23 | Research | Stone Mining |
| 15:03 | Age | Castle Age |
| 15:26 | Build | Town Center |
| 15:33 | Build | Town Center |
| 15:44 | Queue | Villager (Male) |
| 16:22 | Build | Farm |
| 16:23 | Queue | Villager (Male) |
| 16:24 | Queue | Villager (Male) |
| 16:25 | Queue | Villager (Male) |
| 16:57 | Queue | Villager (Male) |
| 17:06 | Queue | Villager (Male) |
| 17:06 | Queue | Villager (Male) |
| 17:15 | Queue | Villager (Male) |
| 17:15 | Queue | Villager (Male) |
| 17:28 | Build | House |
| 17:29 | Build | House |
| 17:31 | Queue | Villager (Male) |
| 17:35 | Queue | Villager (Male) |
| 17:39 | Build | Farm |
| 17:40 | Build | Farm |
| 17:43 | Build | Farm |
| 17:48 | Build | Farm |
| 18:14 | Build | Farm |
| 18:37 | Queue | Villager (Male) |
| 18:37 | Queue | Villager (Male) |
| 18:38 | Queue | Villager (Male) |
| 18:46 | Queue | Villager (Male) |
| 18:47 | Queue | Villager (Male) |
| 18:52 | Build | Castle |
| 19:04 | Queue | Villager (Male) |
| 19:06 | Build | Farm |
| 19:07 | Build | Farm |
| 19:16 | Queue | Villager (Male) |
| 19:16 | Queue | Villager (Male) |
| 19:24 | Build | Farm |
| 19:25 | Build | Farm |
| 19:30 | Queue | Villager (Male) |
| 19:31 | Queue | Villager (Male) |
| 19:35 | Build | Farm |
| 19:35 | Build | Farm |
| 19:39 | Build | Farm |
| 19:47 | Build | Farm |
| 19:49 | Build | Farm |
| 19:51 | Build | Farm |
| 19:52 | Queue | Villager (Male) |
| 19:52 | Queue | Villager (Male) |
| 19:59 | Build | Farm |
| 20:05 | Build | House |
| 20:06 | Build | House |
| 20:08 | Queue | Villager (Male) |
| 20:09 | Queue | Villager (Male) |
| 20:12 | Queue | Villager (Male) |
| 20:12 | Queue | Villager (Male) |
| 20:13 | Queue | Villager (Male) |
| 20:22 | Queue | Villager (Male) |
| 20:22 | Queue | Villager (Male) |
| 20:28 | Queue | Villager (Male) |
| 20:28 | Queue | Villager (Male) |
| 20:37 | Build | Farm |
| 20:37 | Build | Farm |
| 20:45 | Build | Farm |
| 20:47 | Queue | Villager (Male) |
| 20:47 | Queue | Villager (Male) |
| 20:48 | Queue | Villager (Male) |
| 20:48 | Queue | Villager (Male) |
| 20:51 | Build | Farm |
| 20:54 | Build | Farm |
| 20:58 | Queue | Villager (Male) |
| 20:58 | Queue | Villager (Male) |
| 21:02 | Build | Lumber Camp |
| 21:08 | Queue | Villager (Male) |
| 21:09 | Queue | Villager (Male) |
| 21:18 | Build | House |
| 21:18 | Build | House |
| 21:19 | Build | House |
| 21:21 | Queue | Villager (Male) |
| 21:21 | Queue | Villager (Male) |
| 21:31 | Queue | Villager (Male) |
| 21:31 | Queue | Villager (Male) |
| 21:53 | Build | Town Center |
| 21:55 | Queue | Villager (Male) |
| 21:56 | Queue | Villager (Male) |
Build order — blankityblanko
79 actions detected in the replay
| 0:01 | Queue | Villager (Male) ×4 |
| 0:03 | Build | House |
| 0:07 | Build | House |
| 1:28 | Queue | Villager (Male) |
| 2:19 | Queue | Villager (Male) |
| 2:25 | Build | Lumber Camp |
| 2:27 | Queue | Villager (Male) |
| 2:38 | Queue | Villager (Male) |
| 2:56 | Queue | Villager (Male) |
| 3:15 | Build | House |
| 3:16 | Build | House |
| 3:29 | Queue | Villager (Male) |
| 3:56 | Queue | Villager (Male) |
| 4:58 | Build | Lumber Camp |
| 5:11 | Queue | Villager (Male) |
| 5:11 | Queue | Villager (Male) |
| 5:12 | Queue | Villager (Male) |
| 5:39 | Queue | Villager (Male) |
| 6:10 | Build | Mill |
| 6:21 | Queue | Villager (Male) |
| 6:44 | Queue | Villager (Male) |
| 7:13 | Queue | Villager (Male) |
| 7:17 | Queue | Villager (Male) |
| 7:18 | Queue | Villager (Male) |
| 7:24 | Build | Mining Camp |
| 7:27 | Queue | Villager (Male) |
| 7:47 | Build | Mill |
| 8:21 | Queue | Villager (Male) |
| 8:22 | Research | Loom |
| 9:08 | Research | Feudal Age |
| 9:48 | Build | House |
| 10:13 | Build | Farm |
| 10:16 | Build | Farm |
| 10:19 | Build | Farm |
| 10:56 | Build | Farm |
| 11:06 | Build | Farm |
| 11:22 | Queue | Villager (Male) |
| 11:23 | Queue | Villager (Male) |
| 11:35 | Build | Farm |
| 11:56 | Age | Feudal Age |
| 11:59 | Build | Market |
| 12:12 | Build | Blacksmith |
| 12:25 | Build | Farm |
| 12:43 | Queue | Villager (Male) |
| 12:51 | Build | Farm |
| 13:12 | Research | Castle Age |
| 13:13 | Research | Castle Age |
| 13:16 | Build | Farm |
| 13:25 | Research | Double-Bit Axe |
| 13:50 | Build | Barracks |
| 15:23 | Research | Horse Collar |
| 15:41 | Queue | Villager (Male) ×5 |
| 15:52 | Age | Castle Age |
| 16:01 | Build | Monastery |
| 16:05 | Build | Farm |
| 16:48 | Build | House |
| 16:54 | Build | University |
| 17:11 | Build | House |
| 17:12 | Build | House |
| 17:31 | Build | Mining Camp |
| 17:34 | Queue | Villager (Male) |
| 17:43 | Queue | Monk |
| 17:55 | Research | Bow Saw |
| 18:13 | Build | House |
| 18:14 | Build | House |
| 18:15 | Build | House |
| 18:16 | Queue | Villager (Male) |
| 19:17 | Queue | Villager (Male) |
| 19:18 | Queue | Villager (Male) |
| 19:18 | Queue | Villager (Male) |
| 19:18 | Queue | Villager (Male) |
| 19:50 | Build | Siege Workshop |
| 19:55 | Research | Imperial Age |
| 20:28 | Build | Farm |
| 20:29 | Build | Farm |
| 20:30 | Build | Farm |
| 20:32 | Build | Farm |
| 20:50 | Queue | Villager (Male) |
| 20:50 | Queue | Villager (Male) |
Build order — Atopos
127 actions detected in the replay
| 0:02 | Queue | Villager (Male) |
| 0:02 | Queue | Villager (Male) |
| 0:03 | Queue | Villager (Male) |
| 0:04 | Build | House |
| 0:05 | Build | House |
| 1:05 | Build | Palisade Wall |
| 1:11 | Queue | Villager (Male) |
| 1:11 | Queue | Villager (Male) |
| 1:26 | Build | Palisade Wall |
| 1:30 | Build | Palisade Wall |
| 1:32 | Build | Palisade Wall |
| 1:34 | Build | Palisade Wall |
| 1:36 | Build | Palisade Wall |
| 1:39 | Build | Palisade Wall |
| 1:43 | Build | Palisade Wall |
| 1:52 | Build | Palisade Wall |
| 1:54 | Build | Palisade Wall |
| 2:02 | Build | Palisade Wall |
| 2:05 | Build | Palisade Wall |
| 2:12 | Build | Palisade Wall |
| 2:15 | Build | Palisade Wall |
| 2:19 | Build | Palisade Wall |
| 2:23 | Queue | Villager (Male) |
| 2:24 | Queue | Villager (Male) |
| 2:24 | Queue | Villager (Male) |
| 2:26 | Build | Palisade Wall |
| 2:30 | Build | Palisade Wall |
| 2:55 | Queue | Villager (Male) |
| 2:55 | Queue | Villager (Male) |
| 4:04 | Build | House |
| 4:27 | Queue | Villager (Male) |
| 4:54 | Queue | Villager (Male) |
| 5:21 | Queue | Villager (Male) |
| 5:45 | Queue | Villager (Male) |
| 5:49 | Build | Mill |
| 5:53 | Build | Lumber Camp |
| 6:29 | Queue | Villager (Male) |
| 6:46 | Queue | Villager (Male) |
| 6:51 | Build | House |
| 6:58 | Queue | Villager (Male) |
| 7:40 | Queue | Villager (Male) |
| 7:49 | Queue | Villager (Male) |
| 8:08 | Queue | Villager (Male) |
| 8:36 | Queue | Villager (Male) |
| 8:39 | Build | House |
| 9:28 | Queue | Villager (Male) |
| 9:49 | Research | Feudal Age |
| 9:57 | Build | Mining Camp |
| 10:43 | Build | Farm |
| 10:44 | Build | Farm |
| 11:06 | Build | Farm |
| 11:53 | Queue | Villager (Male) |
| 12:03 | Age | Feudal Age |
| 12:07 | Build | Market |
| 12:11 | Build | Blacksmith |
| 12:29 | Queue | Villager (Male) |
| 12:32 | Research | Double-Bit Axe |
| 12:32 | Research | Double-Bit Axe |
| 12:56 | Queue | Villager (Male) |
| 13:09 | Research | Castle Age |
| 13:09 | Research | Castle Age |
| 13:21 | Build | Barracks |
| 14:12 | Build | Mining Camp |
| 14:20 | Build | House |
| 14:50 | Build | Mining Camp |
| 14:55 | Build | House |
| 15:23 | Build | House |
| 15:35 | Research | Horse Collar |
| 15:35 | Research | Horse Collar |
| 15:42 | Build | House |
| 15:58 | Queue | Villager (Male) |
| 16:01 | Age | Castle Age |
| 16:04 | Build | Town Center |
| 16:07 | Research | Bow Saw |
| 16:07 | Research | Bow Saw |
| 16:07 | Research | Bow Saw |
| 16:20 | Build | House |
| 16:31 | Queue | Villager (Male) |
| 16:46 | Build | Outpost |
| 16:48 | Queue | Villager (Male) |
| 17:06 | Build | Farm |
| 17:07 | Build | Farm |
| 17:23 | Build | Outpost |
| 17:27 | Queue | Villager (Male) |
| 17:28 | Queue | Villager (Male) |
| 17:30 | Build | Farm |
| 17:46 | Queue | Villager (Male) |
| 17:52 | Build | House |
| 17:57 | Build | House |
| 17:59 | Queue | Villager (Male) |
| 18:05 | Queue | Villager (Male) |
| 18:15 | Build | Town Center |
| 18:31 | Queue | Villager (Male) |
| 18:38 | Build | Farm |
| 18:52 | Build | House |
| 18:58 | Queue | Villager (Male) |
| 18:59 | Queue | Villager (Male) |
| 18:59 | Queue | Villager (Male) |
| 19:23 | Build | House |
| 19:26 | Queue | Villager (Male) |
| 19:30 | Build | Farm |
| 19:30 | Build | Farm |
| 19:40 | Build | Town Center |
| 19:45 | Build | Farm |
| 20:02 | Build | Castle |
| 20:17 | Build | Castle |
| 20:19 | Build | House |
| 20:21 | Queue | Villager (Male) |
| 20:21 | Queue | Villager (Male) |
| 20:33 | Queue | Villager (Male) |
| 20:33 | Queue | Villager (Male) |
| 20:34 | Queue | Villager (Male) |
| 20:39 | Build | Farm |
| 20:41 | Build | Farm |
| 20:43 | Build | Farm |
| 20:45 | Build | Farm |
| 20:46 | Queue | Villager (Male) |
| 20:46 | Queue | Villager (Male) |
| 21:12 | Queue | Villager (Male) |
| 21:12 | Queue | Villager (Male) |
| 21:26 | Build | Farm |
| 21:28 | Build | Farm |
| 21:30 | Build | Farm |
| 21:38 | Build | Farm |
| 21:40 | Queue | Villager (Male) |
| 21:41 | Queue | Villager (Male) |
| 21:42 | Build | Farm |
Build order — carlos__federico
116 actions detected in the replay
| 0:01 | Queue | Villager (Male) |
| 0:01 | Queue | Villager (Male) |
| 0:01 | Queue | Villager (Male) |
| 0:02 | Queue | Villager (Male) |
| 0:02 | Queue | Villager (Male) |
| 1:26 | Queue | Villager (Male) |
| 1:26 | Queue | Villager (Male) |
| 1:43 | Queue | Villager (Male) |
| 1:43 | Queue | Villager (Male) |
| 1:51 | Build | Lumber Camp |
| 2:22 | Queue | Villager (Male) |
| 2:22 | Queue | Villager (Male) |
| 2:45 | Queue | Villager (Male) |
| 3:02 | Queue | Villager (Male) |
| 3:03 | Queue | Villager (Male) |
| 3:41 | Queue | Villager (Male) |
| 3:42 | Queue | Villager (Male) |
| 4:09 | Queue | Villager (Male) |
| 4:09 | Queue | Villager (Male) |
| 4:31 | Queue | Villager (Male) |
| 4:32 | Queue | Villager (Male) |
| 4:32 | Queue | Villager (Male) |
| 4:46 | Queue | Villager (Male) |
| 5:39 | Queue | Villager (Male) |
| 6:23 | Build | Mill |
| 6:28 | Build | Lumber Camp |
| 6:30 | Queue | Villager (Male) |
| 6:54 | Queue | Villager (Male) |
| 7:08 | Queue | Villager (Male) |
| 7:29 | Queue | Villager (Male) |
| 8:10 | Queue | Villager (Male) |
| 8:39 | Queue | Villager (Male) |
| 8:58 | Build | Mining Camp |
| 9:04 | Queue | Villager (Male) |
| 9:39 | Research | Feudal Age |
| 9:40 | Research | Feudal Age |
| 9:51 | Queue | Villager (Male) |
| 10:28 | Build | Farm |
| 10:36 | Build | Barracks |
| 10:39 | Build | Farm |
| 10:41 | Build | Farm |
| 10:42 | Build | Farm |
| 10:44 | Build | Farm |
| 11:12 | Queue | Villager (Male) |
| 11:49 | Age | Feudal Age |
| 11:52 | Build | Stable |
| 12:04 | Build | Blacksmith |
| 12:39 | Research | Castle Age |
| 12:39 | Research | Castle Age |
| 13:34 | Research | Horse Collar |
| 13:42 | Research | Double-Bit Axe |
| 13:42 | Research | Double-Bit Axe |
| 13:59 | Research | Bloodlines |
| 13:59 | Research | Bloodlines |
| 14:13 | Build | Farm |
| 14:15 | Build | Farm |
| 14:22 | Build | Farm |
| 14:30 | Build | Farm |
| 14:34 | Build | Farm |
| 15:19 | Age | Castle Age |
| 15:21 | Queue | Knight |
| 15:21 | Queue | Knight |
| 15:22 | Queue | Villager (Male) |
| 15:22 | Queue | Villager (Male) |
| 15:25 | Queue | Knight |
| 15:35 | Build | Town Center |
| 15:41 | Queue | Villager (Male) |
| 16:19 | Queue | Knight |
| 16:21 | Queue | Villager (Male) |
| 16:58 | Queue | Villager (Male) |
| 17:06 | Queue | Villager (Male) |
| 17:08 | Queue | Knight |
| 17:16 | Build | Farm |
| 17:19 | Build | Farm |
| 17:23 | Build | Farm |
| 17:25 | Queue | Villager (Male) |
| 17:32 | Queue | Villager (Male) |
| 17:34 | Queue | Knight |
| 17:53 | Queue | Villager (Male) |
| 17:53 | Queue | Villager (Male) |
| 18:08 | Queue | Knight |
| 18:17 | Queue | Villager (Male) |
| 18:19 | Build | Farm |
| 18:20 | Build | Farm |
| 18:20 | Build | Farm |
| 18:22 | Build | Farm |
| 18:23 | Build | Farm |
| 18:25 | Queue | Villager (Male) |
| 18:41 | Queue | Knight |
| 18:48 | Build | Stable |
| 18:54 | Queue | Villager (Male) |
| 19:04 | Queue | Knight |
| 19:15 | Queue | Knight |
| 19:17 | Build | Farm |
| 19:18 | Queue | Villager (Male) |
| 19:19 | Queue | Villager (Male) |
| 19:39 | Queue | Knight |
| 19:55 | Build | Town Center |
| 20:01 | Queue | Villager (Male) |
| 20:02 | Queue | Villager (Male) |
| 20:05 | Build | Farm |
| 20:19 | Queue | Knight |
| 20:21 | Queue | Knight |
| 20:34 | Queue | Knight |
| 20:36 | Queue | Villager (Male) |
| 20:42 | Queue | Villager (Male) |
| 20:46 | Build | Mill |
| 20:46 | Build | Farm |
| 20:47 | Build | Farm |
| 20:47 | Build | Farm |
| 20:47 | Build | Farm |
| 20:48 | Build | Farm |
| 20:55 | Queue | Villager (Male) |
| 21:12 | Queue | Knight |
| 21:31 | Queue | Knight |
| 21:32 | Queue | Knight |
Build order — ILLYRIAN A1B
93 actions detected in the replay
| 0:02 | Queue | Villager (Male) ×4 |
| 0:09 | Build | House |
| 0:12 | Build | House |
| 0:12 | Build | House |
| 0:13 | Build | House |
| 0:51 | Build | House |
| 0:55 | Build | House |
| 0:58 | Build | House |
| 1:24 | Research | Loom |
| 1:42 | Queue | Villager (Male) |
| 1:58 | Queue | Villager (Male) |
| 2:30 | Research | Loom |
| 2:40 | Queue | Villager (Male) |
| 3:00 | Build | Mill |
| 3:04 | Queue | Villager (Male) |
| 4:23 | Queue | Villager (Male) |
| 4:24 | Queue | Villager (Male) |
| 4:40 | Queue | Villager (Male) |
| 5:10 | Queue | Villager (Male) |
| 5:11 | Queue | Villager (Male) |
| 5:26 | Queue | Villager (Male) |
| 5:37 | Queue | Villager (Male) |
| 6:08 | Queue | Villager (Male) |
| 6:30 | Queue | Villager (Male) |
| 6:59 | Queue | Villager (Male) |
| 8:03 | Queue | Villager (Male) |
| 8:36 | Queue | Villager (Male) |
| 8:46 | Build | Lumber Camp |
| 9:05 | Queue | Villager (Male) |
| 9:17 | Research | Feudal Age |
| 9:17 | Research | Feudal Age |
| 10:16 | Build | Mill |
| 10:47 | Build | House |
| 11:05 | Build | House |
| 11:13 | Build | Mill |
| 11:30 | Build | Mining Camp |
| 11:37 | Queue | Villager (Male) |
| 11:37 | Queue | Villager (Male) |
| 11:40 | Age | Feudal Age |
| 11:59 | Queue | Villager (Male) |
| 12:04 | Research | Double-Bit Axe |
| 12:33 | Queue | Villager (Male) |
| 12:46 | Research | Horse Collar |
| 13:12 | Queue | Villager (Male) |
| 13:18 | Build | Farm |
| 13:18 | Build | Farm |
| 13:19 | Build | Farm |
| 13:19 | Build | Farm |
| 13:19 | Build | Farm |
| 13:49 | Build | Barracks |
| 13:56 | Queue | Villager (Male) |
| 13:57 | Queue | Villager (Male) |
| 14:27 | Queue | Villager (Male) |
| 14:44 | Build | Mill |
| 14:48 | Queue | Spearman |
| 14:48 | Queue | Spearman |
| 14:56 | Queue | Villager (Male) |
| 15:00 | Build | Farm |
| 15:01 | Build | Farm |
| 15:01 | Build | Farm |
| 15:01 | Build | Farm |
| 15:01 | Build | Farm |
| 15:02 | Build | Farm |
| 15:23 | Queue | Villager (Male) |
| 15:39 | Build | House |
| 15:42 | Build | House |
| 15:43 | Build | House |
| 15:44 | Build | House |
| 15:52 | Queue | Spearman |
| 15:53 | Queue | Spearman |
| 15:53 | Queue | Spearman |
| 16:10 | Queue | Villager (Male) |
| 16:15 | Build | Farm |
| 16:42 | Build | Market |
| 16:51 | Queue | Villager (Male) |
| 17:19 | Queue | Villager (Male) |
| 17:29 | Build | House |
| 17:30 | Build | House |
| 17:31 | Build | House |
| 17:32 | Build | House |
| 17:39 | Queue | Villager (Male) |
| 17:53 | Build | Blacksmith |
| 18:03 | Queue | Villager (Male) |
| 18:26 | Research | Man-at-Arms (upgrade) |
| 18:56 | Build | Stone Wall |
| 19:01 | Research | Castle Age |
| 19:10 | Build | Stone Wall |
| 19:45 | Build | Stone Wall |
| 19:59 | Research | Scale Mail Armor |
| 20:11 | Queue | Spearman |
| 20:12 | Queue | Spearman |
| 20:12 | Queue | Spearman |
| 20:46 | Build | Lumber Camp |
Build order — Shadow Elaion
First 150 of 151 actions detected
| 0:01 | Queue | Villager (Male) |
| 0:01 | Queue | Villager (Male) |
| 0:01 | Queue | Villager (Male) |
| 0:02 | Build | House |
| 0:03 | Build | House |
| 0:46 | Queue | Villager (Male) |
| 1:37 | Queue | Villager (Male) |
| 1:54 | Queue | Villager (Male) |
| 2:12 | Build | Lumber Camp |
| 2:33 | Queue | Villager (Male) |
| 2:33 | Queue | Villager (Male) |
| 2:54 | Queue | Villager (Male) |
| 3:03 | Build | House |
| 3:32 | Queue | Villager (Male) |
| 4:07 | Queue | Villager (Male) |
| 4:13 | Build | Palisade Gate |
| 4:19 | Build | Palisade Gate |
| 4:28 | Build | Palisade Gate |
| 4:30 | Queue | Villager (Male) |
| 4:36 | Build | Palisade Wall |
| 4:39 | Build | Palisade Wall |
| 4:41 | Build | Palisade Wall |
| 4:45 | Build | Palisade Wall |
| 4:47 | Build | Palisade Wall |
| 4:50 | Build | Palisade Wall |
| 4:51 | Queue | Villager (Male) |
| 4:53 | Build | Palisade Wall |
| 5:10 | Queue | Villager (Male) |
| 5:40 | Queue | Villager (Male) |
| 6:00 | Build | Mill |
| 6:04 | Queue | Villager (Male) |
| 6:13 | Queue | Villager (Male) |
| 6:40 | Queue | Villager (Male) |
| 6:47 | Queue | Villager (Male) |
| 7:09 | Queue | Villager (Male) |
| 7:37 | Queue | Villager (Male) |
| 7:47 | Queue | Villager (Male) |
| 8:27 | Queue | Villager (Male) |
| 8:34 | Research | Feudal Age |
| 9:17 | Queue | Villager (Male) |
| 9:40 | Build | House |
| 9:58 | Build | Farm |
| 10:07 | Build | Mining Camp |
| 10:58 | Age | Feudal Age |
| 11:00 | Build | Market |
| 11:00 | Build | Blacksmith |
| 11:11 | Queue | Villager (Male) |
| 11:49 | Build | Farm |
| 11:54 | Research | Castle Age |
| 12:03 | Research | Double-Bit Axe |
| 12:03 | Research | Double-Bit Axe |
| 12:14 | Build | Farm |
| 12:20 | Build | House |
| 12:34 | Build | Farm |
| 12:37 | Queue | Villager (Male) |
| 12:55 | Research | Loom |
| 13:03 | Build | Farm |
| 13:40 | Build | Farm |
| 13:53 | Research | Horse Collar |
| 14:34 | Age | Castle Age |
| 14:37 | Build | Town Center |
| 14:39 | Build | Town Center |
| 14:52 | Queue | Villager (Male) |
| 15:33 | Build | Mill |
| 15:40 | Queue | Villager (Male) |
| 15:40 | Queue | Villager (Male) |
| 15:45 | Queue | Villager (Male) |
| 15:45 | Queue | Villager (Male) |
| 15:59 | Build | Farm |
| 16:03 | Queue | Villager (Male) |
| 16:12 | Queue | Villager (Male) |
| 16:13 | Queue | Villager (Male) |
| 16:17 | Build | Farm |
| 16:18 | Build | Farm |
| 16:27 | Queue | Villager (Male) |
| 16:34 | Build | Farm |
| 16:36 | Queue | Villager (Male) |
| 16:38 | Queue | Villager (Male) |
| 16:38 | Queue | Villager (Male) |
| 16:46 | Build | Farm |
| 16:48 | Build | Farm |
| 16:50 | Queue | Villager (Male) |
| 16:57 | Build | Farm |
| 16:58 | Build | Farm |
| 17:04 | Build | Farm |
| 17:13 | Queue | Villager (Male) |
| 17:14 | Queue | Villager (Male) |
| 17:16 | Build | Farm |
| 17:20 | Queue | Villager (Male) |
| 17:28 | Queue | Villager (Male) |
| 17:40 | Build | Farm |
| 17:42 | Build | Mill |
| 17:44 | Queue | Villager (Male) |
| 17:45 | Build | Farm |
| 17:47 | Queue | Villager (Male) |
| 17:53 | Build | House |
| 17:58 | Build | House |
| 18:02 | Build | House |
| 18:03 | Queue | Villager (Male) |
| 18:07 | Queue | Villager (Male) |
| 18:28 | Queue | Villager (Male) |
| 18:32 | Queue | Villager (Male) |
| 18:40 | Research | Bow Saw |
| 18:44 | Queue | Villager (Male) |
| 18:52 | Build | House |
| 18:53 | Build | House |
| 18:54 | Queue | Villager (Male) |
| 19:02 | Queue | Villager (Male) |
| 19:09 | Build | Farm |
| 19:09 | Build | Farm |
| 19:09 | Build | Farm |
| 19:10 | Build | Farm |
| 19:10 | Build | Farm |
| 19:12 | Queue | Villager (Male) |
| 19:22 | Build | Farm |
| 19:24 | Build | Farm |
| 19:27 | Queue | Villager (Male) |
| 19:30 | Build | Farm |
| 19:32 | Queue | Villager (Male) |
| 19:40 | Queue | Villager (Male) |
| 19:51 | Build | House |
| 19:56 | Queue | Villager (Male) |
| 19:56 | Queue | Villager (Male) |
| 20:06 | Queue | Villager (Male) |
| 20:07 | Build | Barracks |
| 20:13 | Build | Mill |
| 20:17 | Queue | Villager (Male) |
| 20:26 | Queue | Villager (Male) |
| 20:27 | Research | Wheelbarrow |
| 20:29 | Queue | Villager (Male) |
| 20:36 | Build | Palisade Gate |
| 20:40 | Build | House |
| 20:41 | Build | House |
| 20:43 | Queue | Villager (Male) |
| 20:44 | Build | Farm |
| 20:45 | Build | Farm |
| 20:45 | Build | Farm |
| 20:45 | Build | Farm |
| 20:45 | Build | Farm |
| 20:45 | Build | Farm |
| 20:47 | Queue | Villager (Male) |
| 20:50 | Queue | Villager (Male) |
| 20:52 | Build | Farm |
| 21:02 | Queue | Villager (Male) |
| 21:09 | Research | Heavy Plow |
| 21:09 | Research | Heavy Plow |
| 21:19 | Queue | Villager (Male) |
| 21:27 | Queue | Villager (Male) |
| 21:35 | Research | Town Watch |
| 21:36 | Queue | Villager (Male) |
Build order — DarkIce4999
114 actions detected in the replay
| 0:02 | Queue | Villager (Male) |
| 0:02 | Queue | Villager (Male) |
| 0:04 | Build | House |
| 0:07 | Build | House |
| 0:15 | Queue | Villager (Male) |
| 0:16 | Queue | Villager (Male) |
| 1:30 | Queue | Villager (Male) |
| 1:52 | Build | Lumber Camp |
| 1:53 | Queue | Villager (Male) |
| 2:38 | Queue | Villager (Male) |
| 2:39 | Queue | Villager (Male) |
| 3:03 | Queue | Villager (Male) |
| 3:03 | Queue | Villager (Male) |
| 3:03 | Queue | Villager (Male) |
| 3:32 | Build | House |
| 3:37 | Queue | Villager (Male) |
| 3:37 | Queue | Villager (Male) |
| 4:14 | Queue | Villager (Male) |
| 4:15 | Queue | Villager (Male) |
| 4:29 | Build | Mill |
| 4:44 | Queue | Villager (Male) |
| 4:44 | Queue | Villager (Male) |
| 4:45 | Queue | Villager (Male) |
| 5:03 | Build | House |
| 5:39 | Queue | Villager (Male) |
| 5:39 | Queue | Villager (Male) |
| 5:39 | Queue | Villager (Male) |
| 5:51 | Queue | Villager (Male) |
| 5:51 | Queue | Villager (Male) |
| 5:56 | Build | House |
| 6:02 | Queue | Villager (Male) |
| 6:02 | Queue | Villager (Male) |
| 6:07 | Queue | Villager (Male) |
| 6:07 | Queue | Villager (Male) |
| 6:47 | Queue | Villager (Male) |
| 7:37 | Queue | Villager (Male) |
| 8:31 | Research | Feudal Age |
| 8:39 | Build | Mining Camp |
| 10:44 | Age | Feudal Age |
| 10:48 | Build | Market |
| 10:49 | Queue | Villager (Male) |
| 10:50 | Queue | Villager (Male) |
| 11:08 | Build | Blacksmith |
| 11:21 | Queue | Villager (Male) |
| 12:03 | Build | House |
| 12:07 | Research | Castle Age |
| 13:14 | Research | Horse Collar |
| 13:19 | Research | Double-Bit Axe |
| 13:59 | Build | Farm |
| 14:01 | Build | Farm |
| 14:04 | Build | Farm |
| 14:11 | Build | Farm |
| 14:19 | Build | Farm |
| 14:47 | Age | Castle Age |
| 14:50 | Queue | Villager (Male) |
| 14:50 | Queue | Villager (Male) |
| 14:57 | Build | Monastery |
| 14:59 | Queue | Villager (Male) |
| 15:02 | Queue | Villager (Male) |
| 15:13 | Build | Farm |
| 15:15 | Build | Farm |
| 15:21 | Queue | Villager (Male) |
| 15:36 | Research | Bow Saw |
| 15:41 | Queue | Missionary |
| 15:41 | Queue | Missionary |
| 15:50 | Build | Farm |
| 16:13 | Queue | Villager (Male) |
| 16:30 | Build | Town Center |
| 16:33 | Queue | Villager (Male) |
| 17:04 | Queue | Villager (Male) |
| 17:14 | Queue | Villager (Male) |
| 17:22 | Build | House |
| 17:26 | Research | Wheelbarrow |
| 17:51 | Queue | Villager (Male) |
| 18:01 | Queue | Villager (Male) |
| 18:09 | Build | Farm |
| 18:11 | Build | Farm |
| 18:13 | Queue | Villager (Male) |
| 18:17 | Build | House |
| 18:20 | Queue | Villager (Male) |
| 18:34 | Queue | Villager (Male) |
| 18:45 | Build | Castle |
| 18:56 | Queue | Villager (Male) |
| 19:06 | Queue | Villager (Male) |
| 19:25 | Build | Town Center |
| 19:29 | Build | Farm |
| 19:30 | Queue | Villager (Male) |
| 19:31 | Queue | Villager (Male) |
| 19:39 | Build | House |
| 19:46 | Build | Farm |
| 19:48 | Queue | Villager (Male) |
| 19:57 | Build | Lumber Camp |
| 20:02 | Build | Farm |
| 20:05 | Build | Farm |
| 20:08 | Build | Farm |
| 20:09 | Queue | Villager (Male) |
| 20:12 | Build | House |
| 20:15 | Queue | Conquistador |
| 20:15 | Queue | Conquistador |
| 20:31 | Build | Farm |
| 20:33 | Queue | Villager (Male) |
| 20:38 | Queue | Villager (Male) |
| 20:40 | Build | Farm |
| 20:42 | Build | Farm |
| 20:48 | Build | Farm |
| 20:50 | Build | Farm |
| 20:55 | Build | Farm |
| 20:56 | Build | Farm |
| 20:59 | Build | Farm |
| 21:01 | Queue | Villager (Male) |
| 21:02 | Queue | Villager (Male) |
| 21:06 | Queue | Villager (Male) |
| 21:17 | Queue | Conquistador |
| 21:22 | Build | House |
Match timeline
| 1:05 | Atopos · wall_segment Palisade Wall x2 |
| 1:26 | Atopos · wall_segment Palisade Wall x1 |
| 1:30 | Atopos · wall_segment Palisade Wall x1 |
| 1:32 | Atopos · wall_segment Palisade Wall x1 |
| 1:34 | Atopos · wall_segment Palisade Wall x1 |
| 1:36 | Atopos · wall_segment Palisade Wall x1 |
| 1:39 | Atopos · wall_segment Palisade Wall x1 |
| 1:43 | Atopos · wall_segment Palisade Wall x1 |
| 1:52 | Atopos · wall_segment Palisade Wall x1 |
| 1:54 | Atopos · wall_segment Palisade Wall x1 |
| 2:02 | Atopos · wall_segment Palisade Wall x1 |
| 2:05 | Atopos · wall_segment Palisade Wall x1 |
| 2:12 | Atopos · wall_segment Palisade Wall x1 |
| 2:15 | Atopos · wall_segment Palisade Wall x1 |
| 2:19 | Atopos · wall_segment Palisade Wall x1 |
| 2:26 | Atopos · wall_segment Palisade Wall x1 |
| 2:30 | Atopos · wall_segment Palisade Wall x1 |
| 4:36 | Shadow Elaion · wall_segment Palisade Wall x1 |
| 4:39 | Shadow Elaion · wall_segment Palisade Wall x1 |
| 4:41 | Shadow Elaion · wall_segment Palisade Wall x1 |
| 4:45 | Shadow Elaion · wall_segment Palisade Wall x1 |
| 4:47 | Shadow Elaion · wall_segment Palisade Wall x1 |
| 4:50 | Shadow Elaion · wall_segment Palisade Wall x1 |
| 4:53 | Shadow Elaion · wall_segment Palisade Wall x1 |
| 10:36 | carlos__federico · first_building Barracks |
| 10:44 | DarkIce4999 · age_up feudal |
| 10:58 | Shadow Elaion · age_up feudal |
| 11:02 | Fencer_Khan · age_up feudal |
| 11:22 | Artarum · age_up feudal |
| 11:35 | DarkIce4999 · first_market_sell 100 stone |
| 11:40 | ILLYRIAN A1B · age_up feudal |
| 11:49 | carlos__federico · age_up feudal |
| 11:52 | carlos__federico · first_building Stable |
| 11:53 | Shadow Elaion · first_market_sell 100 food |
| 11:56 | blankityblanko · age_up feudal |
| 12:03 | Atopos · age_up feudal |
| 13:21 | Atopos · first_building Barracks |
| 13:49 | ILLYRIAN A1B · first_building Barracks |
| 13:50 | blankityblanko · first_building Barracks |
| 14:34 | Shadow Elaion · age_up castle |
| 14:47 | DarkIce4999 · age_up castle |
| 14:57 | Fencer_Khan · age_up castle |
| 14:57 | DarkIce4999 · first_building Monastery |
| 15:03 | Artarum · age_up castle |
| 15:05 | Fencer_Khan · first_building Siege Workshop |
| 15:19 | carlos__federico · age_up castle |
| 15:52 | blankityblanko · age_up castle |
| 16:01 | Atopos · age_up castle |
| 16:01 | blankityblanko · first_building Monastery |
| 16:21 | Artarum · first_market_buy 100 wood |
| 17:27 | Fencer_Khan · first_market_sell 100 food |
| 18:05 | blankityblanko · first_market_sell 500 stone |
| 18:45 | DarkIce4999 · first_building Castle |
| 18:52 | Artarum · first_building Castle |
| 18:56 | ILLYRIAN A1B · wall_segment Stone Wall x6 |
| 18:57 | Atopos · first_market_buy 100 food |
| 19:10 | ILLYRIAN A1B · wall_segment Stone Wall x10 |
| 19:19 | DarkIce4999 · first_market_buy 100 stone |
| 19:45 | ILLYRIAN A1B · wall_segment Stone Wall x24 |
| 19:50 | blankityblanko · first_building Siege Workshop |
| 20:02 | Atopos · first_building Castle |
| 20:07 | Shadow Elaion · first_building Barracks |
| 21:22 | blankityblanko · resign |
[ AI ANALYSIS · 1 CREDIT ]
What really happened in this match?
Wolo.gg analyzes every decision: build order, eco, micro, common mistakes by bracket. Personalized analysis on WhatsApp or Discord in 30 seconds.
Civ guide
Celts
Perfil
Jugador #9742686